 Dungeon Crawl Stone Soup version 0.31-a0-277-g31ea1f65cc (webtiles) character file.

Game seed: 2971199781797243432

3341 Firecrotchwizard the Fighter (level 10, -10/79 HPs)
             Began as a Djinni Fire Elementalist on July 15, 2023.
             Was a Follower of Okawaru.
             Shot with an arrow by a centaur warrior (26 damage)
             ... on level 8 of the Dungeon.
             The game lasted 00:19:11 (7837 turns).

Firecrotchwizard the Fighter (DjFE)                 Turns: 7837, Time: 00:19:12

Health: -10/79     AC:  4    Str:  7    XL:     10   Next: 22%
Gold:   639        EV: 12    Int: 20    God:    Okawaru [*.....] SH:  5 Dex: 15

rFire   + + .        A - +7 long sword of Kismet {freeze, rPois rN+}
rCold   x . .        b - orb {light}
rNeg    + . .        a - +0 robe
rPois   ∞            (no helmet)
rElec   .            (no cloak)
rCorr   .            j - +1 pair of gloves
SInv    .            (boots unavailable)
Will    +....        h - amulet of reflection
Stlth   +            d - +4 ring of slaying
HPRegen 0.33/turn    (no ring)
MPRegen 0.00/turn

%: reflection, infuse magic (-11 HP)
@: flying, glowing
A: sickness immunity, fire resistance 2, cold vulnerability 1, float, innate
caster, HP casting, extra vitality 1
a: Renounce Religion, Heroism


You were on level 8 of the Dungeon.
You worshipped Okawaru.
Okawaru was aware of your devotion.
You visited 2 branches of the dungeon, and saw 9 of its levels.
You also visited: Ossuary.

You collected 639 gold pieces.

Inventory:

Hand Weapons
 l - a +2 mace of protection
 m - a +3 dagger of protection
 s - a +2 vampiric dagger
 A - the +7 long sword of Kismet (weapon) {freeze, rPois rN+}
   (You found it on level 6 of the Dungeon)

   rPois:     It protects you from poison.
   rN:        It protects you from negative energy.
Armour
 a - a +0 robe (worn)
 b - an orb of light (worn)
 j - a +1 pair of gloves (worn)
 I - +0 steam dragon scales
Jewellery
 d - a +4 ring of slaying (left hand)
 h - an amulet of reflection (around neck)
 q - a ring of see invisible
 y - a ring of willpower
Wands
 r - a wand of quicksilver (6)
 z - a wand of mindburst (12)
Scrolls
 f - a scroll of fog
 g - a scroll of blinking
 i - 2 scrolls of identify
 k - 2 scrolls of poison
 t - 9 scrolls of teleportation
 B - 2 scrolls of silence
 E - 2 scrolls of revelation
 H - a scroll of torment {unknown}
Potions
 c - 6 potions of curing
 e - a potion of invisibility {unknown}
 n - 2 potions of brilliance {unknown}
 o - 4 potions of magic {unknown}
 p - 3 potions of enlightenment {unknown}
 u - 2 potions of heal wounds
 v - 2 potions of attraction {unknown}
 w - 2 potions of mutation {unknown}
 x - 2 potions of haste
 C - a potion of lignification {unknown}
 D - a potion of resistance {unknown}
 F - a potion of might {unknown}
 G - a potion of berserk rage {unknown}


   Skills:
 + Level 9.7 Fighting
 - Level 2.1 Dodging
 - Level 1.5 Stealth
 + Level 7.9 Spellcasting
 + Level 7.9 Conjurations
 + Level 7.9 Hexes
 + Level 7.9 Summonings
 + Level 7.9 Necromancy
 + Level 7.9 Translocations
 + Level 7.9 Transmutations
 + Level 7.9 Fire Magic
 + Level 7.9 Ice Magic
 + Level 7.9 Air Magic
 + Level 7.9 Earth Magic
 + Level 7.9 Poison Magic


You knew the following spells:

 Your Spells              Type           Power      Damage    Failure   Level
a - Foxfire               Conj/Fire      100%       2x1d9     1%          1
b - Scorch                Fire           78%        2d8       1%          2
c - Volatile Blastmotes   Fire/Tloc      78%        2d16      1%          3
d - Inner Flame           Hex/Fire       39%        N/A       1%          3
e - Flame Wave            Conj/Fire      39%        2d11      3%          4
f - Shock                 Conj/Air       100%       1d9       1%          1
g - Ensorcelled Hibernat  Hex/Ice        78%        N/A       1%          2
h - Teleport Other        Tloc           39%        N/A       1%          3
i - Vampiric Draining     Necr           39%        2d8       1%          3
Your spell library was empty.

Dungeon Overview and Level Annotations

Branches:
Dungeon (8/15)             Temple (1/1) D:7         Ossuary (visited)
   Lair: D:8-11

Altars:
Cheibriados
Dithmenos
Fedhas
Makhleb
Nemelex Xobeh
Okawaru
Ru
Wu Jian
Xom
Yredelemnul
Zin
The Shining One

Shops:
D:2 ==?   D:7 (


Innate Abilities, Weirdness & Mutations

You are immune to sickness and miasma.
You are immune to poison.
Your flesh is very heat resistant. (rF++)
You are vulnerable to cold. (rC-)
You float through the air rather than walking.
You learn spells naturally, not from books.
Your magical power is your life essence.
You have superior vitality. (+4 MHP)


Message History

No target in view!
No target in view!
Done exploring.
Done exploring.
Done exploring.
(D) Dungeon (T) Temple
Where to? (Enter - D:7, ? - help)
There is a stone staircase leading down here.
You fly downwards.
Found a flail.
There is a stone staircase leading up here.
Found a stone staircase leading down.
There is a stone staircase leading down here.
Found an escape hatch in the ceiling.
A centaur comes into view.
The centaur shouts!
You hear a howl!
The centaur wields a +0 orcbow.
The centaur shoots an arrow.
The arrow hits you!
A howler monkey and a steam dragon come into view.
The howler monkey howls!
The steam dragon hisses angrily.
The howler monkey moves out of view.
The centaur shoots an arrow.
You block the arrow with an invisible shield... and reflect it back!
The arrow hits the centaur but does no damage.
Found a stone staircase leading down.
The centaur unwields a +0 orcbow.
The centaur hits you but does no damage.
The centaur barely misses you.
The howler monkey hoots and howls with incredible vigour!
The centaur misses you. The centaur barely misses you.
You hear a shout! x5; You hear two shouts!
You hear a shout!
You slash the centaur! You freeze the centaur.
The centaur is severely wounded.
The centaur barely misses you. You block the centaur's attack.
The centaur misses you. You block the centaur's attack.
You hit the centaur. You freeze the centaur.
The centaur is almost dead.
The centaur hits you.
The centaur kicks you but does no damage.
The centaur hits you. The centaur kicks you.
You slash the centaur! You freeze the centaur.
You kill the centaur!
Okawaru accepts your kill. The howler monkey hits you.
You block the howler monkey's attack. The steam dragon breathes steam at you.
The ball of steam hits you. You resist.
You hear a shout!
You slash the howler monkey! You freeze the howler monkey.
The howler monkey is heavily wounded.
The howler monkey is engulfed in a cloud of scalding steam.
The howler monkey hits you.
The howler monkey is engulfed in a cloud of scalding steam.
The howler monkey dies!
The steam dragon misses you. The steam dragon claws you.
You slash the steam dragon! You freeze the steam dragon!
The steam dragon is severely wounded.
The steam dragon bites you. The steam dragon claws you.
The steam dragon misses you. The steam dragon claws you.
* * * LOW HITPOINT WARNING * * *
You are too injured to fight recklessly!
You are too injured to fight recklessly!
You hit the steam dragon. You freeze the steam dragon.
The steam dragon is severely wounded.
The steam dragon breathes steam at you. The ball of steam misses you.
You hear a shout!
You hear an angry hiss.
You hear two shouts!
You hit the steam dragon. You freeze the steam dragon.
The steam dragon is severely wounded.
The steam dragon closely misses you. The steam dragon barely misses you.
Unknown command.
You hit the steam dragon. You freeze the steam dragon.
The steam dragon is almost dead.
The steam dragon misses you. The steam dragon closely misses you.
A kobold demonologist comes into view. It is wielding a +0 dagger.
The kobold demonologist gestures wildly while chanting.
The steam dragon bites you!
* * * LOW HITPOINT WARNING * * *
The steam dragon claws you.
* * * LOW HITPOINT WARNING * * *
You slash the steam dragon! You freeze the steam dragon.
You kill the steam dragon!
Okawaru accepts your kill.
The steam dragon scales are intact enough to wear.
The crimson imp blinks!
A centaur warrior comes into view.
The centaur warrior shouts!
The centaur warrior wields a +0 shortbow.
The centaur warrior shoots an arrow.
The arrow barely misses you.
The centaur warrior shoots an arrow.
You block the arrow with an invisible shield... and reflect it back!
The arrow hits the centaur warrior!
You hear a shout!
Things that are here:
+0 steam dragon scales; a steam dragon corpse I - +0 steam dragon scales The centaur warrior shoots an arrow.
The arrow hits you!
* * * LOW HITPOINT WARNING * * *
The crimson imp hits you.
* * * LOW HITPOINT WARNING * * *
The centaur warrior shoots an arrow.
The arrow hits you!!
You die...

.... ##.. ..... #....
....... ##....##
##......>
......#.##........
......<...........
#...K.#...#.....
#.....5@..#..# #
#......†..†..##
#.##.......5.)...#
####.#.......#....###
.............######
......c........#
...............#
..............#
#..........##


You could see a centaur warrior, a kobold demonologist, a quasit (summoned) and
a crimson imp (summoned).

Vanquished Creatures
  A two-headed ogre (D:6)
  Sigmund (D:3)
  A wyvern (D:7)
  A steam dragon (D:8)
  A water moccasin (D:7)
  An ice beast (D:6)
  An ogre (D:4)
  A centaur (D:8)
  4 bullfrogs
  3 scorpions
  8 wights (D:7)
  A howler monkey (D:4)
  8 hounds
  2 jellies
  6 orc priests
  An iguana (D:5)
  2 sleepcaps
  5 orc wizards
  8 mummies (Ossuary)
  7 adders
  2 gnolls (D:5)
  2 white imps (D:5)
  An ufetubus (D:6)
  4 worms
  4 dart slugs (D:1)
  31 orcs
  11 bats
  8 endoplasms
  4 giant cockroaches
  2 gnoll zombies (Ossuary)
  14 goblins
  14 hobgoblins
  3 jackals (D:3)
  12 kobolds
  2 quokkas
  9 ball pythons
  A frilled lizard (D:3)
  2 hobgoblin zombies (Ossuary)
  A kobold zombie (Ossuary)
  3 orc zombies (Ossuary)
  6 rats
199 creatures vanquished.

Vanquished Creatures (collateral kills)
  2 foxfires (D:5)
2 creatures vanquished.

Vanquished Creatures (others)
  A howler monkey (D:8)
  241 foxfires
242 creatures vanquished.

Grand Total: 443 creatures vanquished

Notes
Turn   | Place    | Note
-------+----------+-------------------------------------------
     0 | D:1      | Firecrotchwizard the Djinni Fire Elementalist began the
                  | quest for the Orb.
     0 | D:1      | Firecrotchwizard set off with the following spells
                  | memorised: Foxfire, Scorch, Volatile Blastmotes, Inner
                  | Flame, Flame Wave.
     0 | D:1      | Reached XP level 1. HP: 15/15 MP: 0/0
    95 | D:1      | Reached XP level 2. HP: 22/22 MP: 0/0
   203 | D:1      | Reached skill level 1 in Fighting
   361 | D:1      | Reached XP level 3. HP: 26/27 MP: 0/0
   361 | D:1      | Learned a level 1 spell: Shock
   591 | D:1      | Found a faded altar of an unknown god.
  1025 | D:2      | Reached skill level 2 in Fighting
  1037 | D:2      | Found Oxtacrit's Jewellery Boutique.
  1041 | D:2      | Reached XP level 4. HP: 32/33 MP: 0/0
  1295 | D:2      | Found Ugaoch's Jewellery Shoppe.
  1467 | D:2      | Found Keotur's Magic Scroll Boutique.
  2138 | D:3      | Reached skill level 3 in Fighting
  2138 | D:3      | Reached XP level 5. HP: 12/40 MP: 0/0
  2138 | D:3      | Learned a level 2 spell: Ensorcelled Hibernation
  2437 | D:3      | Reached XP level 6. HP: 30/46 MP: 0/0
  2448 | D:3      | Reached skill level 4 in Fighting
  2646 | D:3      | Noticed Sigmund
  2687 | D:3      | Killed Sigmund
  2688 | D:3      | Reached XP level 7. HP: 33/53 MP: 0/0
  2688 | D:3      | Learned a level 3 spell: Teleport Other
  2909 | D:3      | Found an ornate altar of the Wu Jian Council.
  2920 | D:3      | Identified the +3 falchion of the Seven Suns {heavy,
                  | Fragile rPois rC+ rN+ Int+2}
  3099 | D:4      | Reached skill level 5 in Fighting
  3237 | D:4      | Reached skill level 5 in Spellcasting
  3237 | D:4      | Reached skill level 5 in Conjurations
  3237 | D:4      | Reached skill level 5 in Hexes
  3237 | D:4      | Reached skill level 5 in Summonings
  3237 | D:4      | Reached skill level 5 in Necromancy
  3237 | D:4      | Reached skill level 5 in Translocations
  3237 | D:4      | Reached skill level 5 in Transmutations
  3237 | D:4      | Reached skill level 5 in Fire Magic
  3237 | D:4      | Reached skill level 5 in Ice Magic
  3237 | D:4      | Reached skill level 5 in Air Magic
  3237 | D:4      | Reached skill level 5 in Earth Magic
  3237 | D:4      | Reached skill level 5 in Poison Magic
  3246 | D:4      | Found a burning altar of Makhleb.
  3495 | D:4      | Reached XP level 8. HP: 58/60 MP: 0/0
  3679 | D:5      | Entered Level 5 of the Dungeon
  3994 | D:5      | Reached skill level 6 in Fighting
  5136 | D:6      | Reached skill level 7 in Fighting
  5414 | D:6      | Noticed a two-headed ogre
  5422 | D:6      | Killed a two-headed ogre
  5423 | D:6      | Reached skill level 8 in Fighting
  5423 | D:6      | Reached XP level 9. HP: 41/70 MP: 0/0
  5423 | D:6      | Learned a level 3 spell: Vampiric Draining
  5872 | D:6      | Identified the +7 long sword of Kismet {freeze, rPois rN+}
  6101 | D:7      | Found a basalt altar of Yredelemnul.
  6288 | D:7      | Found a staircase to the Ecumenical Temple.
  6309 | Temple   | Entered the Ecumenical Temple
  6320 | Temple   | Became a worshipper of Warmaster Okawaru
  6397 | D:7      | Found a sand-covered staircase.
  6402 | Ossuary  | Entered an ossuary
  7200 | D:7      | Reached skill level 9 in Fighting
  7242 | D:7      | Reached XP level 10. HP: 48/78 MP: 0/0
  7334 | D:7      | Found Figon's Weapon Emporium.
  7353 | D:7      | HP: 3/78 [bullfrog (7)]
  7758 | D:7      | Reached * piety under Okawaru
  7833 | D:8      | Noticed a kobold demonologist
  7835 | D:8      | Noticed a centaur warrior
  7837 | D:8      | Shot with an arrow by a centaur warrior

Illustrated notes

Levels and vault maps discovered:
D:1:      lightli_arrival_farm, layout_loops_corners,
          hellmonk_ecumenical_altar_slurped_away
D:2:      minmay_general_purpose_star, layout_basic, serial_shops, shop,
          nicolae_lakefront_shop, nicolae_shop_peninsula
D:3:      layout_rooms, nicolae_wu_jian_glorious_leap, minivault_14,
          minmay_pentomino_pile, uniq_sigmund
D:4:      layout_basic, lemuel_doored_altar, nicolae_sif_muna_condensation
D:5:      corexii_shantytown, layout_loops_ring, kennysheep_crisscross,
          dk_noncrumbling_2, cheibrodos_gnoll_hut
D:6:      layout_cave_pods, grunt_decor_resistance
D:7:      layout_loops_ring, overflow_temple_1_default,
          minmay_temple_entry_large_hall, enter_ossuary_5, serial_shops, shop
D:8:      minmay_cut_squares, layout_cave_pools,
          mainiacjoe_overflow_six_doors_small, bloody_trog,
          dancing_weapons_uskayaw, elyvilon_altar_1, uniq_prince_ribbit1,
          uniq_maggie
Temple:   minmay_freezing_vapour_temple

Skill      XL: |  1  2  3  4  5  6  7  8  9 |
---------------+----------------------------+-----
Spellcasting   | 4 5 6 7 |  7.9
Conjurations   | 4 5 6 7 |  7.9
Hexes          | 4 5 6 7 |  7.9
Summonings     | 4 5 6 7 |  7.9
Necromancy     | 4 5 6 7 |  7.9
Translocations | 4 5 6 7 |  7.9
Transmutations | 4 5 6 7 |  7.9
Fire Magic     | 4 5 6 7 |  7.9
Ice Magic      | 4 5 6 7 |  7.9
Air Magic      | 4 5 6 7 |  7.9
Earth Magic    | 4 5 6 7 |  7.9
Poison Magic   | 4 5 6 7 |  7.9
Fighting       | 1 2 3 4 5 8 9 |  9.7
Dodging        | |  2.1
Stealth        | |  1.5

Action                     |  1- 3 |  4- 6 |  7- 9 | 10-12 || total
---------------------------+-------+-------+-------+-------++-------
  Melee: Dagger            |    45 |    70 |   191 |       ||   306
         Unarmed           |     1 |       |       |       ||     1
         Mace              |       |    28 |       |       ||    28
         Long sword        |       |       |    36 |    20 ||    56
   Cast: Foxfire           |     6 |    27 |    96 |     8 ||   137
         Shock             |       |     5 |       |       ||     5
         Scorch            |       |       |     8 |     6 ||    14
         Volatile Blastmot |       |       |     2 |       ||     2
    Use: Scroll            |       |       |    14 |     1 ||    15
   Stab: Sleeping          |     3 |       |     1 |       ||     4
         Distracted        |       |     1 |       |       ||     1
 Armour: Robe              |     8 |    24 |    60 |     2 ||    94
  Dodge: Dodged            |    28 |    37 |    91 |    26 ||   182
  Block: Orb               |     1 |    13 |    60 |     9 ||    83
         Reflection        |       |       |       |     2 ||     2

Table legend: (Time is in decaauts)
 A = Elapsed time spent in this place.
 B = Non-inter-level travel time spent in this place.
 C = Inter-level travel time spent in this place.
 D = Time resting spent in this place.
 E = Time spent auto-exploring this place.
 F = Levels seen in this place.
 G = Mean time per level.
                   A        B        C        D        E       F      G
               +--------+--------+--------+--------+--------+-----+--------+
         Total |   7866 |   7620 |    246 |    924 |   5476 |  10 |  786.6 |
       Dungeon |   7576 |   7335 |    241 |    905 |   5319 |   8 |  947.0 |
        Temple |     16 |     11 |      5 |      0 |      0 |   1 |   16.0 |
       Ossuary |    272 |    272 |      0 |     19 |    157 |   1 |  272.0 |
               +--------+--------+--------+--------+--------+-----+--------+

Top non-repeatable levels by time:
     D:7: 1452 daAuts
     D:5: 1395 daAuts
     D:2: 1025 daAuts
     D:6: 1012 daAuts
     D:1: 1012 daAuts
     D:3: 966 daAuts
     D:4: 683 daAuts
 Ossuary: 272 daAuts
     D:8: 29 daAuts
  Temple: 16 daAuts
